Cogmind - Beta 15 @@@ ROGUE MODE // 2025.05.12 @ 18:28:39 Player: Ev Result: Destroyed by Y-45 Defender with Heavy Assault Rifle Performance ------------- Evolutions (2) 1000 Regions Visited (3) 600 Robots Destroyed (42) 210 Value Destroyed (1404) 1404 Prototype IDs (4) 80 Alien Tech Used (0) 0 Bonus (0) 0 TOTAL SCORE: 3294 Bonus ------- None Cogmind --------- Core Integrity 0/550 Matter 83/300 Energy 23/100 System Corruption 0% Temperature Hot (296) Movement Core (200) Ox3 Location -8/Materials Parts ------- > --- POWER (1) -------- (None) > --- PROPULSION (4) --- Improved Flight Unit > --- UTILITY (4) ------ Small Storage Unit Hacking Suite > --- WEAPON (2) ------- Plasma Cannon > --- INVENTORY (8) ---- Cryofiber Web Weight Redist. System Advanced Visual Processing Unit Improved Utility Shielding Hardened Medium Armor Plating Grenade Launcher Peak State ------------ > --- POWER ------------ Heavy Ion Engine > --- PROPULSION ------- Titanium Leg Flight Unit Improved Flight Unit > --- UTILITY ---------- Cryofiber Web Small Storage Unit Improved Utility Shielding Hacking Suite > --- WEAPON ----------- Heavy Ion Cannon Heavy Ion Cannon > --- INVENTORY -------- Cryofiber Web Weight Redist. System Advanced Visual Processing Unit Hardened Medium Armor Plating Hardened Medium Armor Plating Grenade Launcher [Rating: 29] Favorites ----------- Power Light Nuclear Core Engine Ion Engine Power Core Light Nuclear Core Propulsion Improved Flight Unit Leg Aluminum Leg Hover Unit Improved Hover Unit Flight Unit Improved Flight Unit Utility Small Storage Unit Device Weight Redist. System Storage Small Storage Unit Hackware Hacking Suite Protection Hardened Medium Armor Plating Weapon Light Cannon Energy Gun Salvaging Laser Energy Cannon Heavy Ion Cannon Ballistic Gun Light Assault Rifle Ballistic Cannon Light Cannon Launcher EMP Blaster Build | -11 -10 -9 -8 ------- Run | Yrd Mat Mat Mat Slots Evolved 4 | . . 2 2 Power . | . . . . Propulsion 2 | . . 1 1 Utility 2 | . . 1 1 Weapon . | . . . . Parts Attached 41 | 6 13 6 16 Power 6 | 1 1 . 4 Engine 3 | 1 . . 2 Core 3 | . 1 . 2 Reactor . | . . . . Propulsion 10 | 2 4 2 2 Treads . | . . . . Leg 3 | 2 . . 1 Wheel . | . . . . Hover 2 | . 2 . . Flight 5 | . 2 2 1 Utility 14 | 1 4 3 6 Device 6 | . 4 1 1 Storage 1 | 1 . . . Processor . | . . . . Hackware 1 | . . . 1 Protection 6 | . . 2 4 Artifact . | . . . . Weapon 11 | 2 4 1 4 Energy Gun 3 | 1 2 . . Energy Cannon 4 | . . . 4 Ballistic Gun 1 | 1 . . . Ballistic Cannon 2 | . 2 . . Launcher 1 | . . 1 . Special Weapon . | . . . . Impact Weapon . | . . . . Slashing Weapon . | . . . . Piercing Weapon . | . . . . Special Melee Weapon . | . . . . Unidentified Prototypes 2 | . 1 . 1 Parts Lost 17 | . 1 3 13 Power 3 | . . 1 2 Propulsion 5 | . . 1 4 Utility 3 | . . 1 2 Weapon 6 | . 1 . 5 Highest Loss Streak 9 | . 1 2 9 To Critical Strikes . | . . . . Average Backups 6 | 2 5 7 6 Power . | . . . . Propulsion . | 1 1 . . Utility 3 | . 1 4 5 Weapon 1 | . 1 1 1 Tool/Special . | . . . . Unused Backups 12 | . 6 1 5 Power 1 | . 1 . . Propulsion 2 | . 2 . . Utility 5 | . . 1 4 Weapon 4 | . 3 . 1 Tool/Special . | . . . . Average Slot Usage (%) 93 | . 95 92 91 Engine 2 | . 3 . 3 Core 7 | . 10 5 4 Leg 2 | . 4 . 1 Hover 6 | . 18 . . Flight 21 | . 4 33 30 Device 12 | . 11 17 8 Storage 11 | . 14 11 9 Hackware 1 | . . . 6 Protection 4 | . . 4 10 Energy Gun 6 | . 18 . . Ballistic Gun 1 | . 3 . . Ballistic Cannon 12 | . 4 20 14 Peak Build Rating 29 | 6 15 20 29 Average Rating 16 | 4 11 17 22 On Entrance 9 | . 6 15 15 Naked Turns . | . . . . Heaviest Build 27 | 12 16 19 27 Greatest Support 25 | 20 20 21 25 Greatest Overweight (x) 4 | . 2 . 4 Average Overweight (x) . | . . . . Largest Inventory Capacity 8 | 8 8 8 8 Average Capacity 7 | 6 8 8 8 Most Carried 8 | 4 8 8 8 Average Carried 6 | 3 5 7 6 Final Capacity 8 | 8 8 8 8 Final Carried 8 | 4 8 8 6 Class Distribution -------------------- 82% | Mutant 17% | Sprinter Dominant Class ---------------- Mutant | -10/Materials Mutant | -9/Materials Sprinter | -8/Materials Resources | -11 -10 -9 -8 ----------- Run | Yrd Mat Mat Mat Matter Collected 1330 | 205 224 431 470 Remotely . | . . . . Salvage Created 1365 | . 408 509 448 Parts 65 | . 26 22 17 Haulers Intercepted 5 | . 2 1 2 Recyclers Shooed . | . . . . Parts Field Recycled . | . . . . Retrieved Matter . | . . . . Parts Self-Destructed . | . . . . Prevented . | . . . . Kills | -11 -10 -9 -8 ------- Run | Yrd Mat Mat Mat Combat Hostiles Destroyed 30 | . 5 14 11 Guns 4 | . 4 . . Cannons 26 | . 1 14 11 Classes Destroyed 9 | . 3 3 3 Worker 1 | . . 1 . Hauler 5 | . 2 1 2 Operator 1 | . . . 1 Watcher 5 | . 2 3 . Grunt 21 | . 5 9 7 Brawler 1 | . . . 1 Duelist 2 | . . 1 1 Sentry 5 | . . 4 1 Hunter 1 | . . . 1 Best Kill Streak 5 | . 2 5 3 Combat Bots Only 5 | . 2 5 3 Max Kills in Single Turn 2 | . 1 2 1 Gunslinging . | . . . . Exploded . | . . . . Melee . | . . . . Uniques/NPCs Destroyed . | . . . . Combat | -11 -10 -9 -8 -------- Run | Yrd Mat Mat Mat Hostile Shots Fired 282 | . 26 65 191 Missed 88 | . 9 20 59 Hits 194 | . 17 45 132 Melee 13 | . . 5 8 Projectile 181 | . 17 40 124 Critical Strikes 6 | . . 3 3 Damage Taken 3075 | . 259 769 2047 Core 942 | . 47 329 566 Absorbed by Shields . | . . . . Redirected to Shielding 26 | . . . 26 Regen/Repaired (Parts) 238 | . 10 200 28 Core Remaining (%) 66 | 100 81 17 . Volleys Fired 163 | . 39 66 58 Largest 2 | . 2 2 2 Hottest 130 | . 60 63 130 Shots Fired 310 | . 73 132 105 Gun 68 | . 68 . . Cannon 241 | . 5 131 105 Launcher 1 | . . 1 . Special . | . . . . Kinetic 235 | . 14 131 90 Thermal 74 | . 59 . 15 Explosive . | . . . . Electromagnetic 1 | . . 1 . Robot Hit Streak 18 | . 7 18 10 Robot Miss Streak 6 | . 2 6 5 Penetration Max . | . . . . Secondary Targets . | . . . . Shots Hit Robots 187 | . 50 73 64 Core Hits 68 | . 20 25 23 Critical Kills . | . . . . Critical Parts Destroyed . | . . . . Critical Strikes 5 | . . 2 3 Blast 5 | . . 2 3 Melee Attacks . | . . . . Impact . | . . . . Slashing . | . . . . Piercing . | . . . . Sneak Attacks . | . . . . Combat Hostiles . | . . . . Follow-up Attacks . | . . . . Damage Inflicted 3175 | . 506 1345 1324 Guns 441 | . 441 . . Cannons 2715 | . 65 1326 1324 Explosions 19 | . . 19 . Melee . | . . . . Ramming . | . . . . Kinetic 2362 | . 88 1326 948 Thermal 794 | . 418 . 376 Explosive . | . . . . Electromagnetic 19 | . . 19 . Impact . | . . . . Slashing . | . . . . Piercing . | . . . . Highest Corruption . | . . . . Average Corruption . | . . . . Corruption Purged . | . . . . Corruption Blocked . | . . . . Overload Shots . | . . . . Overflow Damage 28 | . . 24 4 Projectiles 28 | . . 24 4 Explosions . | . . . . Melee . | . . . . Knockbacks 19 | . 1 9 9 Impact . | . . . . Kinetic 19 | . 1 9 9 Secondary . | . . . . Self-Inflicted Damage 3 | . . 3 . Shots 1 | . . 1 . Rammed . | . . . . Targets Rammed . | . . . . Kicked . | . . . . Crushed . | . . . . Highest Temperature 421 | . 326 63 421 Average Temperature 104 | . 142 16 137 Received Heat Transfer 1104 | . 120 282 702 Effects 4 | . 2 . 2 Energy Bleed 2 | . 1 . 1 Damage (minor) 2 | . 1 . 1 Siege Activations . | . . . . Martial Activations . | . . . . Shielding Activations . | . . . . Robots Disrupted . | . . . . Combat Hostiles . | . . . . Robots Corrupted . | . . . . Combat Hostiles . | . . . . Parts Fried . | . . . . Impact Corruptions . | . . . . Robots Melted . | . . . . Combat Hostiles . | . . . . Parts Melted 7 | . 5 . 2 Heat Transferred 1643 | . 1125 . 518 Parts Sabotaged . | . . . . Parts Stolen . | . . . . Parts Stripped . | . . . . Power Chain Reactions . | . . . . Alert | -11 -10 -9 -8 ------- Run | Yrd Mat Mat Mat Maximum Alert Level . | . . . . Low Security (%) 100 | 100 100 100 100 Level 1 . | . . . . Level 2 . | . . . . Level 3 . | . . . . Level 4 . | . . . . Level 5 . | . . . . High Security . | . . . . Max Security . | . . . . Peak Influence 198 | . 67 198 155 Initial 76 | . . 10 76 Average 73 | . 26 104 107 Influence Increases 1015 | . 248 450 317 Destroy 0b10 Robot/C 600 | . 100 280 220 Destroy 0b10 Robot/NC 60 | . 20 25 15 Destroy Leader 170 | . 38 88 44 Successful Hack 31 | . 14 10 7 Disable Machine 45 | . . 45 . Destroy Structure 4 | . 1 2 1 Partial Spotted 15 | . 15 . . Lose Combat Pursuer 90 | . 60 . 30 Influence Decreases 982 | . 222 294 466 Entered New Map 122 | . . 16 106 Time Decay 690 | . 212 248 230 Lost Part 170 | . 10 30 130 Squads Dispatched 9 | . 2 2 5 Investigation 4 | . . 1 3 Extermination . | . . . . Reinforcement 5 | . 2 1 2 Assault . | . . . . Garrison . | . . . . Intercept . | . . . . Searches Triggered . | . . . . Construction Impeded . | . . . . Haulers Reinforced . | . . . . Active Scanning Responses . | . . . . Cargo Convoy Interrupts . | . . . . Stealth | -11 -10 -9 -8 --------- Run | Yrd Mat Mat Mat Distress Signals 5 | . 2 2 1 Communications Jammed . | . . . . Distress Signals . | . . . . Times Spotted 63 | . 14 24 25 Peak Tracking Total 11 | . 6 7 11 Tactical Retreats 8 | . 3 4 1 Traps | -11 -10 -9 -8 ------- Run | Yrd Mat Mat Mat Traps Triggered 4 | . 1 2 1 Indirectly . | . . . . Trap Hack Attempts . | . . . . Triggered . | . . . . Disarmed . | . . . . Reprogrammed . | . . . . Reused . | . . . . Traps Extracted . | . . . . Installed . | . . . . Triggered . | . . . . Machines | -11 -10 -9 -8 ---------- Run | Yrd Mat Mat Mat Machines Disabled 3 | . . 3 . Max in Single Turn 2 | . . 2 . Machines Repaired . | . . . . Machines Dismantled . | . . . . Machines Sabotaged . | . . . . Overloaded Fab Kills . | . . . . Hacking | -11 -10 -9 -8 --------- Run | Yrd Mat Mat Mat Machines Accessed 17 | . 6 5 6 Terminals 12 | . 4 4 4 Fabricators . | . . . . Repair Stations 3 | . 1 1 1 Recycling Units 2 | . 1 . 1 Scanalyzers . | . . . . Garrison Access . | . . . . Total Hacks 48 | . 17 17 14 Successful 28 | . 10 8 10 Failed 20 | . 7 9 4 Catastrophic 4 | . 1 2 1 Database Lockouts . | . . . . Manual 14 | . 6 2 6 Terminals 33 | . 11 13 9 Fabricators . | . . . . Repair Stations 9 | . 3 4 2 Recycling Units 6 | . 3 . 3 Scanalyzers . | . . . . Garrison Access . | . . . . Terminal Hacks 10 | . 3 3 4 Prototype ID Bank 1 | . 1 . . Branch Access Points 1 | . . 1 . Emergency Access Points 2 | . 1 . 1 Alert Level 3 | . . 2 1 Locate Traps 2 | . 1 . 1 Zone Layout 1 | . . . 1 Fabricator Hacks . | . . . . Repair Station Hacks 8 | . 2 4 2 Scan Component 4 | . 1 2 1 Repair 4 | . 1 2 1 Recycling Unit Hacks 5 | . 2 . 3 Report Inventory 2 | . 1 . 1 Retrieve Matter 1 | . . . 1 Retrieve Components 2 | . 1 . 1 Scanalyzer . | . . . . Garrison Access Hacks . | . . . . Unauthorized Hacks 5 | . 3 1 1 Terminals 5 | . 3 1 1 Track 5 | . 3 1 1 Fabricators . | . . . . Repair Stations . | . . . . Recycling Units . | . . . . Scanalyzers . | . . . . Garrison Access . | . . . . Data Cores Recovered 1 | . . . 1 Used 1 | . . . 1 Hacking Detections 14 | . 5 5 4 Full Trace Events 5 | . 2 1 2 Feedback Events . | . . . . Feedback Blocked . | . . . . Robot Schematics Acquired . | . . . . Robots Built . | . . . . Authchips . | . . . . Time . | . . . . Total Robot Build Rating . | . . . . Part Schematics Acquired . | . . . . Parts Built . | . . . . Authchips . | . . . . Time . | . . . . Total Part Build Rating . | . . . . Parts Repaired 4 | . 1 2 1 Time 135 | . 32 52 51 Parts Recycled . | . . . . Recycled Matter . | . . . . Retrieved Matter . | . . . . Retrieved Components 12 | . 9 . 3 Parts Scanalyzed . | . . . . Part Schematics Acquired . | . . . . Parts Damaged . | . . . . Bothacking | -11 -10 -9 -8 ------------ Run | Yrd Mat Mat Mat Used RIF Installer . | . . . . Robots Hacked . | . . . . Non-combat . | . . . . Combat . | . . . . Robot Hacks Applied . | . . . . Relay Couplers Released . | . . . . Fabnet Peak Effective % . | . . . . Robots Rewired . | . . . . Allies Hacked . | . . . . Hacks Repelled . | . . . . Allies | -11 -10 -9 -8 -------- Run | Yrd Mat Mat Mat Total Allies . | . . . . Largest Group . | . . . . Highest-Rated Group . | . . . . Highest-Rated Ally . | . . . . Total Orders . | . . . . Ally Attacks . | . . . . Total Damage . | . . . . Kills . | . . . . Allies Corrupted . | . . . . Allies Melted . | . . . . Intel | -11 -10 -9 -8 ------- Run | Yrd Mat Mat Mat Active Infowar (turns) 487 | . 195 292 . ECM 487 | . 195 292 . Robot Analysis Total . | . . . . Derelict Logs Recovered . | . . . . Drone Launches . | . . . . Drone Recoveries . | . . . . Exploration | -11 -10 -9 -8 ------------- Run | Yrd Mat Mat Mat Turns Passed 1810 | 84 629 605 492 Spaces Moved 1647 | 62 575 575 435 Core 9 | 8 . . 1 Treads . | . . . . Legs 161 | 54 62 . 45 Wheels . | . . . . Hover 343 | . 343 . . Flight 1134 | . 170 575 389 Fastest Speed 31 | 50 37 34 31 Average Speed 47 | 110 59 34 42 Slowest Speed 250 | 120 180 34 250 Overloaded Moves . | . . . . Propulsion Burnouts . | . . . . Robots Hopped 2 | . . 1 1 Potential Cave-ins . | . . . . Cave-ins Triggered . | . . . . Exploration Rate (%) 44 | 3 89 48 37 Regions Visited 3 Branch Regions . Pre-discovered Areas . | . . . . Known Exits Taken . | . . . . Unknown Exits Taken 3 | 1 1 1 . Scrap Searched . | . . . . Spaces Dug . | . . . . Terrain Destroyed 1 | . . . 1 Melee . | . . . . Projectile 1 | . . . 1 AOE . | . . . . Terrain Rammed . | . . . . Walls Destroyed . | . . . . Machines Disabled . | . . . . Actions | -11 -10 -9 -8 --------- Run | Yrd Mat Mat Mat Total 2379 | 77 813 851 638 Wait 435 | . 152 188 95 Move 1640 | 61 574 572 433 Hop 2 | . . 1 1 Pick Up 57 | 10 20 9 18 Fast Attach 2 | . 1 1 . Attach 28 | 6 3 7 12 Detach 3 | . . 1 2 Swap 21 | . 10 2 9 Drop 28 | . 14 4 10 Fire 163 | . 39 66 58 Melee . | . . . . Ram . | . . . . Kick . | . . . . Crush . | . . . . Escape Stasis . | . . . . Rewire . | . . . . Trap . | . . . . Miscellaneous . | . . . . Route ------- -11/Scrapyard -10/Materials (discovered 3 exits: *Mat x3) -9/Materials (discovered 2 exits: *Mat / *Min) -8/Materials History --------- Turn | Location | Event 7 | -11/Scrapyard | Discovered new exit (range 16) 85 | -11/Scrapyard | Entered Materials 86 | -10/Materials | Met a group of wandering Federalists 206 | -10/Materials | Lost 4 allies 313 | -10/Materials | Build established: Mutant 323 | -10/Materials | Repaired Imp. Hover Unit 431 | -10/Materials | Discovered new exit (range 8) 515 | -10/Materials | Discovered new exit (range 16) 711 | -10/Materials | Discovered new exit (range 4) 714 | -10/Materials | Entered another Materials area 714 | -9/Materials | Evolved 2 slots: Propulsion x1, Utility x1 1065 | -9/Materials | Repaired Lgt. Cannon 1093 | -9/Materials | Repaired Lgt. Cannon 1114 | -9/Materials | Discovered new exit (range 9) 1139 | -9/Materials | Core integrity fell below 50% 1171 | -9/Materials | Identified exit to Mines 1270 | -9/Materials | Core integrity fell below 20% 1288 | -9/Materials | Discovered new exit (range 14) 1319 | -9/Materials | Entered another Materials area 1319 | -8/Materials | Evolved 2 slots: Propulsion x1, Utility x1 1614 | -8/Materials | Repaired Imp. Flight Unit 1720 | -8/Materials | Lost 3 parts (1p1n1w) 1788 | -8/Materials | Core integrity fell below 50% 1802 | -8/Materials | Core integrity fell below 20% 1811 | -8/Materials | Destroyed by Y-45 Defender with Heavy Assault Rifle Last Messages --------------- 01791_ K-01 Serf collects debris. 01791_ X-57 Shotgunner destroyed. 01791_ K-01 Serf collects debris. 01791_ Acquired Hvy. Ion Cannon. 01793_ Hvy. Ion Engine destroyed. 01793_ U-05 Engineer builds a Wall. 01794_ K-01 Serf collects debris. 01795_ Titanium Leg destroyed. 01797_ K-01 Serf collects debris. 01798_ Imp. Heat Sink melted. 01798_ G-47 Trooper destroyed. 01799_ Acquired 42 matter. 01799_ K-01 Serf collects debris. 01804_ Critical hit (Burn: +37). 01805_ Hvy. Ion Cannon destroyed. 01807_ Hrd. Medium Armor Plating destroyed. 01808_ K-01 Serf destroyed. 01808_ K-01 Serf collects debris. 01809_ Acquired Plasma Cannon. 01809_ Cryofiber Web destroyed. Map ----- +----------------------------------------------------+ | ?????????# # T" #????????????????? | | ?????????? # "" #????????????????? | | ??????????????"" """ / #????????????????? | | ??????????????"" """ # #????????????????? | | ??????????????"" """ # #### #????????????????? | | ?????????????? ?+ #??# #????????????????? | | ?????????????? = ?## ##??# #????????????????? | | ?????????????#### #???# #???# #????????????????? | | ????????????????##????#/#???# #????????????????? | | ?????????????????????? #???# #????????????????? | | ?????????????????"""?? ???# #????????????????? | | ??????????????????T"? #???# #????????????????? | | ?????????????????? #???# #????????????????? | | ?????????????????? ! ????# #????????????????? | | ?????????????????? ????# #????????????????? | | ???????????????????! = ????# #????????????????? | | ??????????????????? ????# #????????????????? | | ??????????????????? ????# #????????????????? | | ????????############/######## #######??????????? | | ??????? ?????? | | ?????????? ?????? | | ??????????? """ ?????? | | ???????????# """ ##############+#######?????? | | ???????????# """ kY!Y/#??????????????????????? | | ???????????# kxk] #??????????????????????? | | ???????????# u t m g]@#??????????????????????? | | ???????????# """ Y*Y]#??????????????????????? | | ???????????# """ ]]#??????????????????????? | | ???????????# """ ]]#??????????????????????? | | ???????????# u #####??????????????????????? | | ????######## #?###??????????????????????? | | ????# """ #? ???????????????????????? | | ????# / """ # ???????????????????????? | | ????# %""" + !????????????????????????? | | ????# ! #??????????????????????????? | | ????# ** % #??????????????????????????? | | ????# * *% """ #??????????????????????????? | | ????# **! R" ###????????????????????????? | | ????# """ ????????????????????? | | ????# ?????H???????????????? | | ##### ????????????????????? | | """## * ##########+#????????????????????? | | "T"## =%| #???????????????????????????????? | | ^ ^ ^ ! #???????????????????????????????? | | ! ! ^ % #???????????????????????????????? | | *[^ #???????????????????????????????? | | """"" !/ #???????????????????????????????? | | """"" != #???????????????????????????????? | | ["""""[ #???????????????????????????????? | | %= ????????????????????????????? | +----------------------------------------------------+ Best States ------------- Heat Dissipation 39 Coolant Potential 50 Energy Generation 14 Energy Capacity 280 Matter Stores 300 Matter Capacity 300 Sight Range 16 Terrain Scan Density 10 ECM Strength 1 Additional Mass Support 6 Base Temperature (-) 100 Armor Coverage 225 Utility Shielding 66 Evasion (%) 63 Offensive Hacking 10 Item Schematics ----------------- None Robot Schematics ------------------ None Fabricated ------------ Nothing Repaired ---------- Imp. Hover Unit | 71% | -10/Materials Lgt. Cannon | 16% | -9/Materials Lgt. Cannon | 16% | -9/Materials Imp. Flight Unit | 30% | -8/Materials Alien Tech Used ----------------- None Achievements -------------- None Challenges ------------ None Game ------ Seed CarbideMachineJetlance Manual? 0 Play Time 00:40:42 Cumulative 40.6 hours Start 2025.05.12 @ 17:47:00 End 2025.05.12 @ 18:28:39 Sessions 1 Manual Loads 0 Difficulty Rogue Special Mode None Game No. 89 Rogue 89 Adventurer 0 Explorer 0 Win Type - Total 0 Types 0/0/0/0/0/0/0/0/0/0 Lore% 14 Gallery% 25 Achievement% 21 Wizard Run 0 Options --------- Layout 0 ASCII 0 Keyboard 0 Movement Mouse Keybinds 0 Fullscreen 1 Font 24/Smallcaps Map View 76x50 Zoom Use 0% Tactical HUD 1 Map Filters NONE Filters NONE Steam 1 RUN: 48654206-cb62-46f1-8416-0c49dad6a517